PINL
BILLINGS MUSTANGS @ BOZEMAN PHEASANTS
08/28/1982
 
TOP OF THE 1ST
Billings Mustangs batting - Pitching for Bozeman Pheasants : RHP Dave W Smith
Pitching: RHP Dave W Smith
Batting: SHB Terrence Derby 0-0: Ball
1-0: Called Strike
1-1: Foul Ball, location: 2F
1-2: Ball
2-2: Fly out, F5 (Line Drive, 5, EV 71.3 MPH)
Batting: RHB Bob Berry 0-0: Ball
1-0: Called Strike
1-1: Foul Ball, location: 2F
1-2: Ball
2-2: Fly out, F9 (Flyball, 9D, EV 101.9 MPH)
Batting: LHB Dave Verkuilen 0-0: Called Strike
0-1: Called Strike
0-2: Ball
1-2: Foul Ball, location: 2F
1-2: SINGLE (Popup, 4MD, EV 47.5 MPH)
Batting: RHB Timothy Smith 0-0: Ball
1-0: Fly out, F4 (Popup, 34, EV 60.6 MPH)
Top of the 1st over - 0 runs, 1 hit, 0 errors, 1 left on base; Billings 0 - Bozeman 0
BOTTOM OF THE 1ST
Bozeman Pheasants batting - Pitching for Billings Mustangs : LHP Rick Felt
Pitching: LHP Rick Felt
Batting: RHB Willie Picchioni 0-0: Ball
1-0: Ball
2-0: Called Strike
2-1: Ball
3-1: Base on Balls
Batting: LHB Billy Fink 0-0: Ball
1-0: Ball
2-0: SINGLE (Groundball, 56D, EV 89.4 MPH) (infield hit)
Willie Picchioni to second
Batting: LHB Billy Jo Robidoux 0-0: Ball
1-0: Called Strike
1-1: Ball
2-1: Foul Ball, location: 2F
2-2: Fly out, F8 (Flyball, 78S, EV 87.5 MPH)
Batting: LHB David Nix 0-0: Ball
1-0: Ball
2-0: Ball
3-0: Base on Balls
Willie Picchioni to third
Billy Fink to second
Batting: LHB Steve Padia 0-0: Swinging Strike
0-1: Fly out, F9 (Flyball, 9LM, EV 90.6 MPH)
Batting: LHB Russ Orrick 0-0: Called Strike
0-1: SINGLE (Groundball, 4D, EV 102.5 MPH)
Willie Picchioni scores
Billy Fink to third
David Nix to second
Runner from 3rd tries for Home, SAFE, throw by CF to home
Batting: RHB Tom Duggan 0-0: Ball
1-0: Called Strike
1-1: TRIPLE (Flyball, 78XD, EV 91.3 MPH)
David Nix scores
Russ Orrick scores
Batting: RHB Greg Toler 0-0: Called Strike
0-1: Ball
1-1: Ball
2-1: Ball
3-1: Swinging Strike
3-2: Strikes out looking
Bottom of the 1st over - 4 runs, 3 hits, 0 errors, 1 left on base; Billings 0 - Bozeman 4
TOP OF THE 2ND
Billings Mustangs batting - Pitching for Bozeman Pheasants : RHP Dave W Smith
Batting: RHB Glenn Edwards 0-0: Ground out 6-3 (Groundball, 6, EV 101.9 MPH)
Batting: SHB Joe Arfstrom 0-0: Swinging Strike
0-1: Swinging Strike
0-2: Strikes out swinging
Batting: RHB Thomas Bocock 0-0: Called Strike
0-1: Foul Ball, location: 2F
0-2: Fly out, F7 (Flyball, 7D, EV 105.0 MPH)
Top of the 2nd over - 0 runs, 0 hits, 0 errors, 0 left on base; Billings 0 - Bozeman 4
BOTTOM OF THE 2ND
Bozeman Pheasants batting - Pitching for Billings Mustangs : LHP Rick Felt
Batting: SHB Kenneth Merritt 0-0: Foul Ball, location: 2F
0-1: SINGLE (Groundball, 56D, EV 105.0 MPH)
Batting: RHB Willie Picchioni 0-0: Swinging Strike
0-1: Ball
1-1: Ball
2-1: Ball
3-1: Called Strike
3-2: Foul Ball, location: 2F
3-2: SINGLE (Groundball, 56D, EV 104.4 MPH)
Kenneth Merritt to second
Batting: LHB Billy Fink 0-0: Called Strike
0-1: Called Strike
0-2: Ball
1-2: Foul Ball, location: 2F
1-2: Fly out, F7 (Flyball, 7LS, EV 93.1 MPH)
Batting: LHB Billy Jo Robidoux 0-0: Ball
1-0: Called Strike
1-1: Foul Ball, location: 2F
1-2: Strikes out looking
Batting: LHB David Nix 0-0: Called Strike
0-1: Ball
1-1: SINGLE (Flyball, 5D, EV 87.5 MPH)
Kenneth Merritt to third
Willie Picchioni to second
Runner from 3rd tries for Home, SAFE, throw by LF to home
Batting: LHB Steve Padia 0-0: Ball
1-0: Ball
2-0: Fly out, F8 (Flyball, 8LS, EV 88.1 MPH)
Bottom of the 2nd over - 1 run, 3 hits, 0 errors, 2 left on base; Billings 0 - Bozeman 5
TOP OF THE 3RD
Billings Mustangs batting - Pitching for Bozeman Pheasants : RHP Dave W Smith
Batting: RHB Gordon Eakin 0-0: Called Strike
0-1: Called Strike
0-2: Ball
1-2: Foul Ball, location: 2F
1-2: TRIPLE (Flyball, 78XD, EV 91.3 MPH)
Batting: RHB Brian Milner 0-0: Called Strike
0-1: Swinging Strike
0-2: Fly out, F8 (Flyball, 8LM, EV 92.5 MPH)
Runner from 3rd tags up, SCORES, throw by CF
Batting: SHB Terrence Derby 0-0: Foul Ball, location: 2F
0-1: Ground out 4-3 (Groundball, 4M, EV 83.8 MPH)
Batting: RHB Bob Berry 0-0: Ball
1-0: Ground out 5-3 (Groundball, 5, EV 81.9 MPH)
Top of the 3rd over - 1 run, 1 hit, 0 errors, 0 left on base; Billings 1 - Bozeman 5
BOTTOM OF THE 3RD
Bozeman Pheasants batting - Pitching for Billings Mustangs : LHP Rick Felt
Batting: LHB Russ Orrick 0-0: Ball
1-0: Ball
2-0: Called Strike
2-1: Foul Ball, location: 2F
2-2: Foul Ball, location: 2F
2-2: Foul Ball, location: 2F
2-2: Ball
3-2: Fly out, F7 (Flyball, 78XD, EV 92.5 MPH)
Batting: RHB Tom Duggan 0-0: Swinging Strike
0-1: Called Strike
0-2: Foul Ball, location: 2F
0-2: Ball
1-2: Ground out U3 (Groundball, 13, EV 92.5 MPH)
Batting: RHB Greg Toler 0-0: Fly out, F7 (Flyball, 7S, EV 91.9 MPH)
Bottom of the 3rd over - 0 runs, 0 hits, 0 errors, 0 left on base; Billings 1 - Bozeman 5
TOP OF THE 4TH
Billings Mustangs batting - Pitching for Bozeman Pheasants : RHP Dave W Smith
Batting: LHB Dave Verkuilen 0-0: Swinging Strike
0-1: Foul Ball, location: 2F
0-2: Strikes out swinging
Batting: RHB Timothy Smith 0-0: Called Strike
0-1: Ground out 4-3 (Groundball, 34, EV 100.0 MPH)
Batting: RHB Glenn Edwards 0-0: Foul Ball, location: 2F
0-1: Ground out 3-1 (Groundball, 34, EV 94.4 MPH)
Top of the 4th over - 0 runs, 0 hits, 0 errors, 0 left on base; Billings 1 - Bozeman 5
BOTTOM OF THE 4TH
Bozeman Pheasants batting - Pitching for Billings Mustangs : LHP Rick Felt
Batting: SHB Kenneth Merritt 0-0: Called Strike
0-1: Ground out 6-3 (Groundball, 6, EV 83.8 MPH)
Batting: RHB Willie Picchioni 0-0: Ball
1-0: Ball
2-0: Ball
3-0: Called Strike
3-1: Called Strike
3-2: SINGLE (Groundball, 6MD, EV 105.6 MPH)
Batting: LHB Billy Fink 0-0: Called Strike
Willie Picchioni steals 2nd base
0-1: Called Strike
0-2: Foul Ball, location: 2F
0-2: Fly out, F8 (Line Drive, 8RM, EV 94.4 MPH)
Batting: LHB Billy Jo Robidoux 0-0: Ball
1-0: Foul Ball, location: 2F
1-1: Foul Ball, location: 2F
1-2: Ground out 4-3 (Groundball, 4, EV 109.4 MPH)
Bottom of the 4th over - 0 runs, 1 hit, 0 errors, 1 left on base; Billings 1 - Bozeman 5
TOP OF THE 5TH
Billings Mustangs batting - Pitching for Bozeman Pheasants : RHP Dave W Smith
Batting: SHB Joe Arfstrom 0-0: Ball
1-0: Foul Ball, location: 2F
1-1: Swinging Strike
1-2: SINGLE (Line Drive, 78S, EV 108.8 MPH)
Batting: RHB Thomas Bocock 0-0: Ball
1-0: Ball
2-0: Ball
3-0: Called Strike
3-1: Ground out 4-3 (Groundball, 34D, EV 96.3 MPH)
Joe Arfstrom to second
Batting: RHB Gordon Eakin 0-0: Swinging Strike
0-1: Foul Ball, location: 2F
0-2: Ball
1-2: Ground out 6-3 (Groundball, 6, EV 88.8 MPH)
Batting: RHB Brian Milner 0-0: Ball
1-0: Ball
2-0: SINGLE (Groundball, 56S, EV 72.5 MPH) (infield hit)
Joe Arfstrom to third
Batting: SHB Terrence Derby 0-0: Swinging Strike
0-1: Ball
Brian Milner steals 2nd base
1-1: Swinging Strike
1-2: Strikes out looking
Top of the 5th over - 0 runs, 2 hits, 0 errors, 2 left on base; Billings 1 - Bozeman 5
BOTTOM OF THE 5TH
Bozeman Pheasants batting - Pitching for Billings Mustangs : LHP Rick Felt
Batting: LHB David Nix 0-0: Called Strike
0-1: Ball
1-1: Swinging Strike
1-2: Ball
2-2: Strikes out swinging
Batting: LHB Steve Padia 0-0: Ball
1-0: Fly out, F8 (Flyball, 89M, EV 90.0 MPH)
Batting: LHB Russ Orrick 0-0: Foul Ball, location: 2F
0-1: Ball
1-1: Ground out U3 (Groundball, 3S, EV 88.1 MPH)
Bottom of the 5th over - 0 runs, 0 hits, 0 errors, 0 left on base; Billings 1 - Bozeman 5
TOP OF THE 6TH
Billings Mustangs batting - Pitching for Bozeman Pheasants : RHP Dave W Smith
Batting: RHB Bob Berry 0-0: Ground out 6-3 (Groundball, 6, EV 97.5 MPH)
Batting: LHB Dave Verkuilen 0-0: Ground out 4-3 (Groundball, 4, EV 99.4 MPH)
Batting: RHB Timothy Smith 0-0: Called Strike
0-1: Foul Ball, location: 2F
0-2: Foul Ball, location: 2F
0-2: Ball
1-2: Ball
2-2: Fly out, F9 (Flyball, 9LS, EV 92.5 MPH)
Top of the 6th over - 0 runs, 0 hits, 0 errors, 0 left on base; Billings 1 - Bozeman 5
BOTTOM OF THE 6TH
Bozeman Pheasants batting - Pitching for Billings Mustangs : LHP Rick Felt
Batting: RHB Tom Duggan 0-0: Ball
1-0: Foul Ball, location: 2F
1-1: SOLO HOME RUN (Flyball, 7LD, EV 103.1 MPH), Distance : 361 ft
Pitching: RHP Jim Hickey
Batting: RHB Greg Toler 0-0: Swinging Strike
0-1: Swinging Strike
0-2: Strikes out swinging
Batting: SHB Kenneth Merritt 0-0: Called Strike
0-1: Called Strike
0-2: Ground out 3-1 (Groundball, 34S, EV 85.0 MPH)
Batting: RHB Willie Picchioni 0-0: Called Strike
0-1: Ball
1-1: Ball
2-1: Ball
3-1: Ground out 1-3 (Groundball, 13S, EV 75.0 MPH)
Bottom of the 6th over - 1 run, 1 hit, 0 errors, 0 left on base; Billings 1 - Bozeman 6
TOP OF THE 7TH
Billings Mustangs batting - Pitching for Bozeman Pheasants : RHP Dave W Smith
Batting: RHB Glenn Edwards 0-0: Foul Ball, location: 2F
0-1: Foul Ball, location: 2F
0-2: SINGLE (Line Drive, 3D, EV 95.6 MPH)
Batting: SHB Joe Arfstrom 0-0: Ball
1-0: SINGLE (Groundball, 3, EV 85.6 MPH) (infield hit)
Glenn Edwards to second
Batting: RHB Thomas Bocock 0-0: Ball
1-0: Fly out, F9 (Flyball, 89D, EV 86.9 MPH)
Runner from 2nd tags up, SAFE at 3rd, no throw by RF
Batting: RHB Gordon Eakin 0-0: Fly out, F7 (Flyball, 78S, EV 76.9 MPH)
Runner from 3rd tags up, SCORES, throw by LF
Batting: RHB Brian Milner 0-0: Called Strike
0-1: Ball
1-1: Called Strike
Joe Arfstrom steals 2nd base
1-2: Strikes out swinging
Top of the 7th over - 1 run, 2 hits, 0 errors, 1 left on base; Billings 2 - Bozeman 6
BOTTOM OF THE 7TH
Bozeman Pheasants batting - Pitching for Billings Mustangs : RHP Jim Hickey
Batting: LHB Billy Fink 0-0: Swinging Strike
0-1: Swinging Strike
0-2: Fly out, F8 (Flyball, 89M, EV 82.5 MPH)
Batting: LHB Billy Jo Robidoux 0-0: Ball
1-0: Swinging Strike
1-1: Called Strike
1-2: Strikes out looking
Batting: LHB David Nix 0-0: Foul Ball, location: 2F
0-1: Ball
1-1: Fly out, F5 (Line Drive, 5, EV 64.4 MPH)
Bottom of the 7th over - 0 runs, 0 hits, 0 errors, 0 left on base; Billings 2 - Bozeman 6
TOP OF THE 8TH
Billings Mustangs batting - Pitching for Bozeman Pheasants : RHP Dave W Smith
Batting: SHB Terrence Derby 0-0: Called Strike
0-1: DOUBLE (Line Drive, 5D, EV 95.0 MPH)
Batting: RHB Bob Berry 0-0: Foul Ball, location: 2F
0-1: Ball
1-1: Ball
2-1: Fly out, F8 (Flyball, 8RM, EV 91.3 MPH)
Runner from 2nd tags up, SAFE at 3rd with throw by CF
Batting: LHB Dave Verkuilen 0-0: Ball
1-0: Called Strike
1-1: Ball
2-1: Foul Ball, location: 2F
2-2: Ball
3-2: Foul Ball, location: 2F
3-2: SINGLE (Groundball, 6MD, EV 103.1 MPH)
Terrence Derby scores
Batting: RHB Timothy Smith 0-0: Ball
1-0: Called Strike
1-1: SINGLE (Line Drive, 7S, EV 98.1 MPH)
Dave Verkuilen to second
Batting: RHB Glenn Edwards 0-0: Called Strike
0-1: Called Strike
0-2: Ball
1-2: Fly out, F8 (Flyball, 78XD, EV 96.9 MPH)
Batting: SHB Joe Arfstrom 0-0: Called Strike
0-1: Called Strike
0-2: Ball
1-2: Foul Ball, location: 2F
1-2: Ball
2-2: Strikes out swinging
Top of the 8th over - 1 run, 3 hits, 0 errors, 2 left on base; Billings 3 - Bozeman 6
BOTTOM OF THE 8TH
Bozeman Pheasants batting - Pitching for Billings Mustangs : RHP Jim Hickey
Batting: LHB Steve Padia 0-0: Called Strike
0-1: Ground out 4-3 (Groundball, 4, EV 82.5 MPH)
Batting: LHB Russ Orrick 0-0: Foul Ball, location: 2F
0-1: Ball
1-1: Fly out, F7 (Flyball, 7S, EV 91.9 MPH)
Batting: RHB Tom Duggan 0-0: Ground out 4-3 (Groundball, 4S, EV 68.1 MPH)
Bottom of the 8th over - 0 runs, 0 hits, 0 errors, 0 left on base; Billings 3 - Bozeman 6
TOP OF THE 9TH
Billings Mustangs batting - Pitching for Bozeman Pheasants : RHP Dave W Smith
Batting: RHB Thomas Bocock 0-0: Ball
1-0: Foul Ball, location: 2F
1-1: Ball
2-1: Ball
3-1: Fly out, F8 (Flyball, 8RXD, EV 99.4 MPH)
Batting: RHB Gordon Eakin 0-0: Ball
1-0: Ball
2-0: Called Strike
2-1: Ground out U3 (Groundball, 34S, EV 89.4 MPH)
Batting: RHB Brian Milner 0-0: Ball
1-0: Foul Ball, location: 2F
1-1: SINGLE (Groundball, 4MD, EV 95.6 MPH)
Batting: SHB Terrence Derby 0-0: Foul Ball, location: 2F
0-1: Ball
1-1: Called Strike
1-2: Ball
2-2: Fly out, F9 (Flyball, 89M, EV 75.0 MPH)
Top of the 9th over - 0 runs, 1 hit, 0 errors, 1 left on base; Billings 3 - Bozeman 6
Wednesday, August 26th, 2020 - OOTP Baseball 21.5 Build 76